 Dungeon Crawl Stone Soup version 0.19.0-11-g3fc08b3 (webtiles) character file.

228 Ladykiller69 the Chopper (level 6, 0/49 HPs)
             Began as a Formicid Fighter on Nov 9, 2016.
             Shot with an arrow by a centaur (4 damage)
             ... on level 5 of the Dungeon.
             The game lasted 00:08:16 (3086 turns).

Ladykiller69 the Chopper (Formicid Fighter)         Turns: 3086, Time: 00:08:17

Health: 0/49       AC:  7    Str: 20    XL:     6   Next: 22%
Magic:  6/6        EV:  8    Int: 10    God:
Gold:   193        SH:  9    Dex: 10    Spells: 0 memorised, 5 levels left

rFire  . . .     SeeInvis +     a - +0 war axe
rCold  . . .     Gourm    .     b - +0 scale mail
rNeg   . . .     Faith    .     c - +0 shield
rPois  .         Spirit   .     (helmet unavailable)
rElec  .         Reflect  .     (no cloak)
rCorr  .         Harm     .     (no gloves)
MR     .....                    (no boots)
Stlth  ..........               (no amulet)
                                (no ring)
                                (no ring)

@: no status effects
A: permanent stasis, dig shafts and tunnels, four strong arms, antennae 3
a: Dig, Shaft Self


You were on level 5 of the Dungeon.
You were not hungry.

You visited 1 branch of the dungeon, and saw 5 of its levels.
You also visited: Ossuary.

You collected 193 gold pieces.

Inventory:

Hand Weapons
 a - a +0 war axe (weapon)
Missiles
 h - 81 stones (quivered)
 o - a throwing net
 x - 2 javelins of penetration
Armour
 b - a +0 scale mail (worn)
 c - a +0 shield (worn)
 k - a +0 chain mail
Jewellery
 p - a +5 ring of dexterity {unknown}
 v - a cursed -2 ring of slaying {unknown}
Scrolls
 i - 3 scrolls of noise {unknown}
 j - 3 scrolls of remove curse {unknown}
 n - a scroll of teleportation {unknown}
 r - a scroll of immolation {unknown}
 s - a scroll of enchant weapon {unknown}
 u - 4 scrolls of recharging {unknown}
 w - a scroll of blinking {unknown}
 y - 2 scrolls of fear {unknown}
 A - a scroll of magic mapping {unknown}
 D - a scroll of enchant armour {unknown}
Potions
 d - 3 potions of might
 e - a potion of heal wounds {unknown}
 l - 2 potions of curing {unknown}
 m - a potion of agility {unknown}
 q - a potion of haste {unknown}
 t - a potion of resistance {unknown}
 z - a potion of mutation {unknown}
 B - a potion of cancellation {unknown}
Comestibles
 f - a bread ration
 g - 3 meat rations


   Skills:
 + Level 4.4 Fighting
 * Level 4.5 Axes
 - Level 4.0 Armour
 + Level 4.3 Shields


You had 5 spell levels left.
You didn't know any spells.

Dungeon Overview and Level Annotations

Branches:
Dungeon (4/15)
 Temple: D:4-7

Altars:
Elyvilon
Makhleb


Innate Abilities, Weirdness & Mutations

You are under a permanent stasis effect.
You can dig through walls and to a lower floor.
Your four strong arms can wield two-handed weapons with a shield.
You have a pair of large antennae on your head. (SInv)


Message History

You barely miss the mummy. You hit the mummy but do no damage.
The mummy closely misses you. The mummy hits you but does no damage.
The mummy hits you!
You hit the mummy.
The mummy is moderately damaged.
You hit the mummy.
You destroy the mummy!
You hit the mummy but do no damage. The mummy hits you but does no damage.
You hit the mummy but do no damage.
The mummy is moderately damaged.
You slash the mummy! The mummy hits you! x2
* * * LOW HITPOINT WARNING * * *
You block the mummy's attack.
Welcome back to the Dungeon! x2
There is a collapsed entrance here.
A centaur comes into view.
The centaur shouts!
Found a scroll labeled CUMUSACYRA.
The centaur wields a shortbow.
The centaur shoots an arrow.
The arrow hits you.
You die...

#.##### #.#
####.#... #.#
#.......# #.#
#.##..#.# #.#
##.....#.# #.#
#.....MM.# #.#
#........##
###.####..#...#..#
#.#...........@..#
##.########$...#.#
### #..c...## #
#?####.# # #.# #.#
#.# #.


You could see a centaur and a mummy.

Vanquished Creatures
  2 hounds (D:2)
  A mummy (Ossuary)
  3 adders
  2 gnolls (D:4)
  An ooze (D:1)
  2 dart slugs (D:2)
  2 leopard geckos
  9 orcs
  2 ball pythons
  5 giant cockroaches
  9 goblins
  9 hobgoblins
  8 jackals
  7 kobolds
  3 quokkas (D:3)
  5 bats
  4 frilled lizards
  10 rats
84 creatures vanquished.

Notes
Turn   | Place    | Note
-------+----------+-------------------------------------------
     0 | D:1      | Ladykiller69 the Formicid Fighter began the quest for the Orb.
     0 | D:1      | Reached XP level 1. HP: 18/18 MP: 1/1
    89 | D:1      | Reached XP level 2. HP: 24/24 MP: 2/2
   279 | D:1      | Reached XP level 3. HP: 29/29 MP: 3/3
   985 | D:2      | Reached XP level 4. HP: 35/35 MP: 4/4
  1057 | D:2      | Found a burning altar of Makhleb.
  1629 | D:2      | Reached XP level 5. HP: 28/42 MP: 5/5
  2377 | D:4      | Reached XP level 6. HP: 49/49 MP: 6/6
  2395 | D:3      | You fall through a shaft!
  2834 | D:4      | Found a white marble altar of Elyvilon.
  2870 | D:4      | You fall through a shaft!
  2870 | D:5      | Entered Level 5 of the Dungeon
  3058 | D:5      | Found a sand-covered staircase.
  3067 | Ossuary  | Entered an ossuary
  3086 | D:5      | Shot with an arrow by a centaur

Skill      XL: |  1  2  3  4  5 |
---------------+----------------+-----
Axes           | 3 4 |  4.5
Armour         | 4 |  4.0
Shields        | 4 |  4.3
Fighting       | 4 |  4.4

Action                   |  1- 3 |  4- 6 || total
-------------------------+-------+-------++-------
Melee: War axe           |   116 |   167 ||   283
 Abil: Dig               |       |     4 ||     4
       Shaft Self        |       |     2 ||     2
  Eat: Chunk             |       |     5 ||     5
       Bread ration      |       |     1 ||     1
Armor: Scale mail        |    62 |    66 ||   128
Dodge: Dodged            |    32 |    53 ||    85
Block: Shield            |    62 |    85 ||   147
